 Dungeon Sprint DCSS version 0.22.1-1-ga44c0e56f4 (webtiles) character file.

0 MuseOD the Sneak (level 1, -3/9 HPs)
             Began as a Spriggan Enchanter on Sept 26, 2018.
             Was an Initiate of Dithmenos.
             Killed from afar by Sigmund (6 damage)
             ... with a magic dart
             ... in the Dungeon (Sprint VI: "Thunderdome").
             The game lasted 00:00:45 (76 turns).

MuseOD the Sneak (Spriggan Enchanter)                 Turns: 76, Time: 00:00:45

Health: -3/9       AC:  2    Str:  4    XL:     1   Next: 16%
Magic:  5/5        EV: 18    Int: 16    God:    Dithmenos [......]
Gold:   200        SH:  0    Dex: 16    Spells: 4/5 levels left

rFire    . . .     SeeInvis +   a - +1 dagger
rCold    . . .     Gourm    .   (shield restricted)
rNeg     . . .     Faith    .   b - +0 robe
rPois    .         Spirit   .   (helmet restricted)
rElec    .         Reflect  .   (no cloak)
rCorr    .         Harm     .   (gloves unavailable)
MR       .....     NoTele   +   (boots unavailable)
Stlth    +++.......             (no amulet)
HPRegen  0.03/turn              (no ring)
MPRegen  0.09/turn              (no ring)

@: very quick
A: very small, unfitting armour, see invisible, herbivore, speed 3, slow
metabolism 2
a: Renounce Religion


You were in the Dungeon.
You worshipped Dithmenos.
Dithmenos was noncommittal.
You were not hungry.

You visited 1 branch You collected 200 gold pieces.

Inventory:

Hand Weapons
 a - a +1 dagger (weapon)
Armour
 b - a +0 robe (worn)
Wands
 k - a wand of acid (5)
 l - a wand of iceblast (5)
Scrolls
 j - 4 scrolls of blinking
 m - 3 scrolls of fog
Potions
 c - a potion of resistance
 e - a potion of curing
 f - 4 potions of heal wounds
 g - 4 potions of haste
 h - 2 potions of magic
 i - a potion of berserk rage
Comestibles
 d - a ration


   Skills:
 + Level 0.5 Fighting
 * Level 1.9 Short Blades
 - Level 3.0 Dodging
 + Level 4.7 Stealth
 - Level 2.6 Spellcasting
 - Level 3.6 Hexes


You had 4 spell levels left.
You knew the following spells:

 Your Spells              Type           Power        Failure   Level  Hunger
a - Corona                Hex            ##.....      4%          1    #......

Your spell library contained the following spells:

 Spells                   Type           Power        Failure   Level  Hunger
 Confuse                  Hex            ##......     13%         3    ###....
 Tukima's Dance           Hex            ##......     13%         3    ###....
 Ensorcelled Hibernation  Hex/Ice        #.....       14%         2    ##.....
 Dazzling Spray           Conj/Hex       #.....       28%         3    ###....


Dungeon Overview and Level Annotations

Branches:
Dungeon (1/1)

Altars:
Cheibriados
Dithmenos
Fedhas
Gozag
Kikubaaqudgha
Makhleb
Okawaru
Qazlal
Ru
Sif Muna
Trog
Uskayaw
Vehumet
Wu Jian
Xom
Yredelemnul
Zin
The Shining One
Beogh
Jiyva
Lugonu

Shops:
D *[%?*?*:[((!!!!

Annotations:
D Sigmund


Innate Abilities, Weirdness & Mutations

You are very small and have problems with some larger weapons.
You are too small for most types of armour.
You have supernaturally acute eyesight. (SInv)
You are a herbivore.
You cover ground extremely quickly.
You need to consume almost no food.


Message History

Found a sacrificial altar of Ru.
A worker ant comes into view.
The worker ant moves out of view.
Found a shimmering altar of Xom.
Sigmund the Dreaded comes into view.
He is wielding a scythe of venom.
Found Itetik's Staff Store.
Found an iron altar of Okawaru.
Found Teudupa's Must-Have Magic and Veagipto's Magic Scroll Shop.
You closely miss the giant cockroach. The giant cockroach bites you.
The giant cockroach completely misses you.
Evoke which item? (* to show all) (? for menu, Esc to quit)
Aiming: Corrosive Bolt
Press: ? - help, Shift-Dir - straight line, f - Sigmund
Aim: Sigmund, wielding a scythe of venom and wearing a robe Out of range.
Out of range.
Okay, then.
Sigmund casts a spell at you. The magic dart hits you!
Ouch! That really hurt!
You die...

#∩___...†a.###......___∩##
∩........8.# #.8.@......∩###
...........###.............##
........###...###..........⌠#
........# #.<.# #..........⌠#
........###...###..........⌠#
...........###.............##
∩........8.# #.8.s......∩###
#∩.__......###..@...___∩##
######.8.........8.######
#⌠...........⌠#
###.........### #........_#
#_........# #_......._#
#∩.......∩# ##∩.....∩##


You could see Sigmund and a giant cockroach.

Vanquished Creatures
  A quokka (D)
1 creature vanquished.

Notes
Turn   | Place    | Note
-------+----------+-------------------------------------------
     0 | D        | MuseOD the Spriggan Enchanter began the quest for the Orb.
     0 | D        | Reached XP level 1. HP: 9/9 MP: 5/5
     3 | D        | Found a blossoming altar of Fedhas.
     3 | D        | Found a shadowy altar of Dithmenos.
     4 | D        | Found a roughly hewn altar of Beogh.
     5 | D        | Found a corrupted altar of Lugonu.
     5 | D        | Found a glowing silver altar of Zin.
     6 | D        | Found an ancient bone altar of Kikubaaqudgha.
     6 | D        | Found Ucoxon's Weapon Rack.
     6 | D        | Found Ukaoch's Premium Goods.
     7 | D        | Found Fitaamam's Basic Armour.
     7 | D        | Found Ozuklot's Miscellaneous Merchandise.
     9 | D        | Round 1.
    11 | D        | Became a worshipper of Dithmenos the Shadowed
    16 | D        | Found a snail-covered altar of Cheibriados.
    17 | D        | Found an ornate altar of the Wu Jian Council.
    19 | D        | Found Qocunihi's Identification Station.
    20 | D        | Found Biboom's Advanced Armour.
    20 | D        | Found Siorer's Jewellery.
    20 | D        | Found a stormy altar of Qazlal.
    20 | D        | Found a glowing golden altar of the Shining One.
    20 | D        | Found a hide-covered altar of Uskayaw.
    20 | D        | Found Vilitef's Delicious Food.
    24 | D        | Found a bloodstained altar of Trog.
    25 | D        | Found a deep blue altar of Sif Muna.
    31 | D        | Found a basalt altar of Yredelemnul.
    51 | D        | Found a radiant altar of Vehumet.
    52 | D        | Found Muuklept's Do-It-Yourself Clinic.
    53 | D        | Found Keyl's Bottled Wisdom.
    53 | D        | Found Yppu's Distillery.
    53 | D        | Found an opulent altar of Gozag.
    53 | D        | Found a viscous altar of Jiyva.
    53 | D        | Found a burning altar of Makhleb.
    53 | D        | Found Kafoix's Distillery.
    57 | D        | Found a sacrificial altar of Ru.
    59 | D        | Noticed a worker ant
    60 | D        | Found a shimmering altar of Xom.
    61 | D        | Found an iron altar of Okawaru.
    61 | D        | Found Itetik's Staff Store.
    61 | D        | Noticed Sigmund
    62 | D        | Found Teudupa's Must-Have Magic.
    62 | D        | Found Veagipto's Magic Scroll Shop.
    76 | D        | Killed from afar by Sigmund

Action                   || total
-------------------------++-------
Melee: Dagger            ||     5
Armor: Robe              ||     1
Dodge: Dodged            ||     5
